 Dungeon Crawl Stone Soup version 0.29-a0-1052-g6990b1bffc (webtiles) character file.

Game seed: 2789476678934094053

24 Zeldest the Ducker (level 2, 0/14 HPs)
             Began as a Felid Chaos Knight on Aug 18, 2022.
             Was a Plaything of Xom.
             Slain by a kobold
             ... wielding a +0 dagger
              (2 damage)
             ... on level 2 of the Dungeon.
             The game lasted 00:00:55 (634 turns).

Zeldest the Ducker (Felid Chaos Knight)              Turns: 634, Time: 00:00:55

Health: 0/14       AC:  1    Str:  8    XL:     2   Next: 79%
Magic:  3/3        EV: 18    Int: 13    God:    Xom [..*...]
Gold:   62         SH:  0    Dex: 15    Spells: 1/1 levels left
                                        Lives:  0   Deaths: 0

rFire   . . .      SeeInvis +     - Unarmed
rCold   . . .      Faith    .   (shield unavailable)
rNeg    . . .      Spirit   .   (body armour unavailable)
rPois   .          Reflect  .   (helmet unavailable)
rElec   .          Harm     .   (cloak unavailable)
rCorr   .          Rampage  .   (gloves unavailable)
Will    .....                   (boots unavailable)
Stlth   ++........              (no amulet)
HPRegen 0.04/turn               c - ring of flight
MPRegen 0.08/turn               (no ring)

@: flying, quick
A: very small, claws 1, fangs 3, see invisible, speed 1, shaggy fur 1, stealthy
paws, no weapons or thrown items, no armour, multi-lived
a: Renounce Religion


You were on level 2 of the Dungeon.
You worshipped Xom.
You were a toy of Xom.
You visited 1 branch of the dungeon, and saw 2 of its levels.

You collected 62 gold pieces.

Inventory:

Jewellery
 c - a ring of flight (left paw)
Scrolls
 b - a scroll of identify {unknown}
 d - a scroll of poison {unknown}
 e - a scroll of enchant weapon {unknown}
Potions
 f - a potion of ambrosia {unknown}
 g - a potion of brilliance {unknown}
Miscellaneous
 a - a piece from Xom's chessboard (15/15) (quivered)


   Skills:
 + Level 3.2 Fighting
 + Level 3.6 Dodging
 + Level 1.6 Stealth
 + Level 3.3 Unarmed Combat


You had one spell level left.
You didn't know any spells.
Your spell library was empty.

Dungeon Overview and Level Annotations

Branches:
Dungeon (2/15)

Altars:
Gozag


Innate Abilities, Weirdness & Mutations

You have sharp claws.
You have razor-sharp teeth.
You have supernaturally acute eyesight. (SInv)
You cover ground quickly. (Speed+)
You are covered in fur. (AC +1)
Your paws help you pounce on unaware monsters.
You are incapable of wielding weapons or throwing items.
You cannot wear armour.
You gain extra lives every three experience levels.


Message History

An endoplasm comes into view.
You scratch the endoplasm.
The endoplasm is severely wounded.
The endoplasm freezes you.
You are frozen.
A shower of butterflies erupts from you!
You are too injured to fight recklessly!
You are too injured to fight recklessly!
You are too injured to fight recklessly!
You scratch the endoplasm.
You kill the endoplasm!
You swap places.
The endoplasm jiggles.
You see here 7 gold pieces.
You now have 62 gold pieces (gained 7).
You see here a metallic clear potion.
f - a metallic clear potion Your butterfly disappears in a puff of smoke!
There is a stone staircase leading down here.
You fly downwards.
Found a ring mail, a metallic emerald potion and a scroll labelled OBLEAFIUROE.
There is a stone staircase leading up here.
There are monsters nearby!
Found an opulent altar of Gozag.
You see here a metallic emerald potion.
g - a metallic emerald potion
Found a stone staircase leading down.
The hobgoblin misses you.
You closely miss the hobgoblin. The kobold hits you with a +0 dagger.
The hobgoblin barely misses you.
You closely miss the kobold. The kobold completely misses you.
The hobgoblin closely misses you.
You completely miss the kobold. The kobold misses you.
The hobgoblin barely misses you.
You closely miss the kobold. The kobold closely misses you.
The hobgoblin hits you.
* * * LOW HITPOINT WARNING * * *
You barely miss the kobold. The kobold misses you. The hobgoblin misses you.
You closely miss the kobold. The kobold hits you with a +0 dagger.
You die... "Huh?
Did I miss anything?"

#.... #.... #..[.
#....#### #....<..##
#....##..#
#......#.####
#.......K...###
#......#.g@....#
....###.#.._..#....#
?..# #.#.....# ##.#
..# #.......#
#..##.... ....
...### >.....####
......


You could see a hobgoblin and a kobold.

Vanquished Creatures
  A gnoll (D:1)
  3 bats (D:1)
  2 endoplasms (D:1)
  A giant cockroach (D:1)
  A goblin (D:1)
  A ball python (D:1)
  A frilled lizard (D:1)
  5 rats (D:1)
15 creatures vanquished.

Notes
Turn   | Place    | Note
-------+----------+-------------------------------------------
     0 | D:1      | Zeldest the Felid Chaos Knight began the quest for the Orb.
     0 | D:1      | Reached XP level 1. HP: 10/10 MP: 2/2
    65 | D:1      | XOM: potion effect (haste)
    69 | D:1      | XOM: butterfly on damage
    75 | D:1      | Reached skill level 1 in Stealth
    75 | D:1      | Reached XP level 2. HP: 9/14 MP: 3/3
   301 | D:1      | XOM: silly message
   332 | D:1      | XOM: silly message
   581 | D:1      | XOM: silly message
   599 | D:1      | XOM: butterfly on damage
   620 | D:2      | Found an opulent altar of Gozag.
   634 | D:2      | Slain by a kobold

Illustrated notes

Levels and vault maps discovered:
D:1:      moated_graveyard_arrival, layout_rooms,
          shapermc_ecumenical_altar_totnotflames, skrybe_limestone_x,
          minmay_heptomino_o4
D:2:      layout_rooms, basic_altar, uniq_robin

Skill      XL: |  1 |
---------------+----+-----
Stealth        | 1 |  1.6
Fighting       | |  3.2
Dodging        | |  3.6
Unarmed Combat | |  3.3

Action                   || total
-------------------------++-------
Melee: Unarmed           ||    47
       Bite              ||     3
Armor: Skin              ||     6
Dodge: Dodged            ||    41

Table legend: (Time is in decaauts)
 A = Elapsed time spent in this place.
 B = Non-inter-level travel time spent in this place.
 C = Inter-level travel time spent in this place.
 D = Time resting spent in this place.
 E = Time spent auto-exploring this place.
 F = Levels seen in this place.
 G = Mean time per level.
                   A        B        C        D        E       F      G
               +--------+--------+--------+--------+--------+-----+--------+
         Total |    575 |    575 |      0 |    384 |     66 |   2 |  287.5 |
       Dungeon |    575 |    575 |      0 |    384 |     66 |   2 |  287.5 |
               +--------+--------+--------+--------+--------+-----+--------+

Top non-repeatable levels by time:
     D:1: 562 daAuts
     D:2: 12 daAuts
